 Dungeon Crawl Stone Soup version 0.31.0-32-g396128a36d (webtiles) character file.

Game seed: 10928163137003275567

104 3lams the Covered (level 4, -2/40 HPs)
             Began as a Minotaur Fighter on Mar 20, 2024.
             Was a Follower of Wu Jian.
             Slain by an adder (3 damage)
             ... on level 3 of the Dungeon.
             The game lasted 00:06:38 (1228 turns).

3lams the Covered (Minotaur Fighter)                Turns: 1228, Time: 00:06:38

Health: -2/40      AC:  7    Str: 22    XL:     4   Next: 52%
Magic:  1/1        EV:  6    Int:  5    God:    Wu Jian [*.....]
Gold:   1217       SH:  4    Dex: 10    Spells: 3/3 levels left

rFire   . . .        e - +3 demon trident (antimagic)
rCold   . . .        c - +0 buckler
rNeg    . . .        b - +0 scale mail
rPois   .            (helmet restricted)
rElec   .            (no cloak)
rCorr   .            (no gloves)
SInv    .            (no boots)
Will    .....        f - amulet of regeneration Stlth
                     (no ring)
HPRegen 1.06/turn    (no ring)
MPRegen 0.07/turn

%: no passive effects
@: mighty, constricted
A: horns 2, retaliatory headbutt
a: Renounce Religion


You were on level 3 of the Dungeon.
You worshipped Wu Jian.
Wu Jian was aware of your devotion.
You visited 1 branch of the dungeon, and saw 3 of its levels.

You collected 1217 gold pieces.

Inventory:

Hand Weapons
 a - a +0 trident
 e - a +3 antimagic demon trident (weapon)
 p - the +5 sling of the Crushed Demons {freeze, rF+ Will+ Str+4}
   (You found it on level 2 of the Dungeon)

   Str+4:     It affects your strength (+4).
   rF+:       It protects you from fire.
   Will+:     It increases your willpower.
Armour
 b - a +0 scale mail (worn)
 c - a +0 buckler (worn)
Magical Staves
 g - a staff of death
 i - a staff of fire
Jewellery
 f - an amulet of regeneration (around neck)
 h - an amulet of faith
Scrolls
 j - 2 scrolls of poison {unknown}
 l - 2 scrolls of noise
 m - a scroll of fear
 o - a scroll of identify
Potions
 k - a potion of ambrosia
 n - 2 potions of curing {unknown}
 q - 2 potions of heal wounds {unknown}


   Skills:
 + Level 4.3 Fighting
 + Level 2.9 Polearms
 + Level 5.0 Armour
 + Level 0.5 Dodging
 + Level 0.5 Stealth
 + Level 4.3 Shields


You had 3 spell levels left.
You didn't know any spells.
Your spell library contained the following spells:

 Spells                   Type           Power      Damage    Failure   Level
 Slow                     Hex            0%         N/A       85%         1
 Confusing Touch          Hex            0%         N/A       99%         3
 Sigil of Binding         Hex            0%         N/A       99%         3
 Vampiric Draining        Necr           0%         2d6       99%         3


Dungeon Overview and Level Annotations

Branches:
Dungeon (3/15)

Altars:
Wu Jian


Innate Abilities, Weirdness & Mutations

You have a pair of horns on your head.
You reflexively headbutt those who attack you in melee.


Message History

A bat comes into view.
The gnoll hits you but does no damage.
The bat moves out of view.
You closely miss the gnoll. You block the gnoll's attack.
The gnoll hits you from afar with a +0 spear.
You hit the gnoll.
The gnoll is lightly wounded.
The gnoll closely misses you. You block the ball python's attack.
The ball python barely misses you.
The gnoll hits you from afar with a +0 spear.
The gnoll hits you from afar with a +0 halberd!
* * * LOW HITPOINT WARNING * * *
You feel very mighty all of a sudden. The giant cockroach closely misses you.
The ball python misses you. The ball python grabs you.
The ball python constricts you. The gnoll barely misses you.
You furiously retaliate!
You headbutt the gnoll!!
You kill the gnoll!
The Council accepts your kill. The orc barely misses you.
You furiously retaliate!
You headbutt the orc!
You kill the orc!
The Council accepts your kill. The gnoll barely misses you.
The gnoll throws a throwing net.
The throwing net barely misses you. You block the adder's attack.
You miss the adder. The giant cockroach barely misses you.
The ball python bites you but does no damage.
The ball python constricts you. The adder bites you but does no damage.
The gnoll hits you from afar with a +0 spear.
* * * LOW HITPOINT WARNING * * *
The gnoll hits you from afar with a +0 halberd.
* * * LOW HITPOINT WARNING * * *
The giant cockroach barely misses you.
You barely miss the adder. You block the ball python's attack.
The ball python constricts you. The adder bites you but does no damage.
The gnoll hits you but does no damage.
The gnoll hits you from afar with a +0 halberd!
* * * LOW HITPOINT WARNING * * *
The ball python bites you but does no damage.
The ball python constricts you.
The giant cockroach completely misses you.
The adder bites you.
You die...

.. ...... #..
#..#.#
#..##..#.##
##...#.....
...>......#
##........#
.......S.(#
#....)@)<#
#...gBS.......#
#...g....##.###
#......#.# #
##.###.#.# ..)
..#.# ###
.....# ###.###


You could see 2 gnolls, an adder, a giant cockroach and a ball python.

Vanquished Creatures
  A gnoll (D:3)
  5 adders (D:2)
  A ribbon worm (D:2)
  2 dart slugs (D:1)
  An orc (D:3)
  An endoplasm (D:1)
  A giant cockroach (D:1)
  6 hobgoblins
  2 jackals (D:1)
  2 kobolds (D:2)
  3 quokkas (D:1)
  6 ball pythons
  4 bats
  3 frilled lizards (D:2)
  A goblin (D:2)
  7 rats
46 creatures vanquished.

Notes
Turn   | Place    | Note
-------+----------+-------------------------------------------
     0 | D:1      | 3lams the Minotaur Fighter began the quest for the Orb.
     0 | D:1      | Reached XP level 1. HP: 19/19 MP: 0/0
    59 | D:1      | Reached skill level 4 in Armour
   130 | D:1      | Reached XP level 2. HP: 23/27 MP: 1/1
   706 | D:1      | Reached XP level 3. HP: 33/33 MP: 2/2
   741 | D:2      | Identified 2 scrolls of acquirement
   745 | D:2      | Acquired 1173 gold pieces
   765 | D:2      | Acquired a +3 antimagic demon trident
  1030 | D:2      | Found a faded altar of an unknown god.
  1055 | D:2      | Identified the +5 sling of the Crushed Demons {freeze, rF+
                  | Will+ Str+4}
  1058 | D:2      | Prayed at the altar of an unknown god.
  1058 | D:2      | Became a worshipper of the Wu Jian Council
  1058 | D:2      | Reached * piety under Wu Jian
  1143 | D:2      | Reached XP level 4. HP: 40/40 MP: 1/3
  1212 | D:2      | Reached skill level 5 in Armour
  1228 | D:3      | HP: 1/40 [gnoll/+0 halberd (8)]
  1228 | D:3      | Slain by an adder

Illustrated notes

Levels and vault maps discovered:
D:1:      psy_arrival_basics, layout_basic
D:2:      minmay_alternating_diamond, layout_rooms,
          shapermc_ecumenical_altar_mp_urbaneastern, hex_large,
          amcnicky_mini_pool_small, minmay_stone_trees_small
D:3:      layout_basic, hellmonk_overflow_destroyed_library,
          cheibrodos_sewer_entry_drain, serial_shops, shop, uniq_grinder,
          uniq_terence

Skill      XL: |  1  2  3  4 |
---------------+-------------+-----
Armour         | 4 5 |  5.0
Fighting       | 4 |  4.3
Shields        | 4 |  4.3
Polearms       | |  2.9
Dodging        | |  0.5
Stealth        | |  0.5

Action                     |  1- 3 |  4- 6 || total
---------------------------+-------+-------++-------
  Melee: Trident           |    50 |       ||    50
         Headbutt          |    15 |     1 ||    16
         Demon trident     |    48 |    22 ||    70
Ability: Whirlwind         |     5 |     3 ||     8
         Lunge             |     1 |     1 ||     2
    Use: Scroll            |     7 |       ||     7
         Potion            |     1 |     1 ||     2
 Armour: Scale mail        |    88 |    27 ||   115
  Dodge: Dodged            |    47 |    18 ||    65
  Block: Buckler           |    29 |     9 ||    38
